 Dungeon Crawl Stone Soup version 0.29-a0-495-g17b79114eb (webtiles) character file.

Game seed: 16883360282638427490

154 pokeman the Magician (level 5, -1/29 HPs)
             Began as a Deep Elf Hedge Wizard on May 28, 2022.
             Succumbed to a water moccasin's poison
             ... on level 4 of the Dungeon.
             The game lasted 00:06:46 (3428 turns).

pokeman the Magician (Deep Elf Hedge Wizard)        Turns: 3428, Time: 00:06:48

Health: -1/29      AC:  7    Str:  7    XL:     5   Next: 13%
Magic:  10/15      EV: 12    Int: 27    God:
Gold:   159        SH:  0    Dex: 14    Spells: 5/16 levels left

rFire   + . .      SeeInvis .   m - +0 hand axe (elec)
rCold   . . .      Faith    .   (no shield)
rNeg    . . .      Spirit   .   g - +0 leather armour
rPois   .          Reflect  .   r - +0 helmet
rElec   .          Harm     .   (no cloak)
rCorr   .          Rampage  .   (no gloves)
Will    .....                   l - +2 pair of boots
Stlth   ++........              (no amulet)
HPRegen 0.09/turn               o - ring of wizardry
MPRegen 0.14/turn               p - ring of the Dozen Nightmares {rF+ Int+6}

@: lethally poisoned (-1 -> -17)
A: no striking features
a: no special abilities


You were on level 4 of the Dungeon.
You visited 1 branch of the dungeon, and saw 4 of its levels.

You collected 159 gold pieces.

Inventory:

Hand Weapons
 m - a +0 hand axe of electrocution (weapon)
Armour
 g - a +0 leather armour (worn)
 l - a +2 pair of boots (worn)
 r - a +0 helmet (worn)
Jewellery
 o - a ring of wizardry (left hand)
 p - the ring of the Dozen Nightmares (right hand) {rF+ Int+6}
   (You found it on level 3 of the Dungeon)

   [ring of intelligence]

   Int:       It affects your intelligence (+6).
   rF:        It protects you from fire.
Scrolls
 a - a scroll of brand weapon {unknown}
 b - a scroll of amnesia {unknown}
 f - a scroll of vulnerability {unknown}
 h - 2 scrolls of teleportation {unknown}
Potions
 d - a potion of magic
 e - 4 potions of curing {unknown}
 i - 2 potions of flight {unknown}
 j - a potion of berserk rage {unknown}
 k - a potion of heal wounds {unknown}
 n - a potion of ambrosia {unknown}
 q - a potion of invisibility {unknown}


   Skills:
 + Level 1.5 Fighting
 + Level 1.5 Armour
 - Level 2.4 Dodging
 - Level 2.4 Stealth
 * Level 6.1 Spellcasting
 + Level 2.5 Conjurations
 - Level 1.1 Summonings
 - Level 1.1 Translocations


You had 5 spell levels left.
You knew the following spells:

 Your Spells              Type           Power      Damage    Failure   Level
a - Magic Dart            Conj           84%        1d7       1%          1
b - Mephitic Cloud        Conj/Pois/Air  12%        N/A       9%          3
c - Call Imp              Summ           14%        N/A       3%          2
d - Blink                 Tloc           28%        N/A       3%          2
e - Conjure Flame         Conj/Fire      14%        6-21      7%          3

Your spell library contained the following spells:

 Spells                   Type           Power      Damage    Failure   Level
 Apportation              Tloc           28%        N/A       2%          1
 Summon Small Mammal      Summ           56%        N/A       2%          1
 Beastly Appendage        Tmut           16%        N/A       4%          1
 Necrotize                Necr           32%        1d5       4%          1
 Slow                     Hex            32%        N/A       4%          1
 Wereblood                Tmut           8%         N/A       6%          2
 Spider Form              Tmut/Pois      8%         N/A       12%         3


Dungeon Overview and Level Annotations

Branches:
Dungeon (4/15)
 Temple: D:4-7

Altars:
Xom
Lugonu

Shops:
D:2 !

Portals:
Abyss: D:3


Message History

Your white imp freezes the water moccasin.
The water moccasin bites you but does no damage.
Unknown command.
Unknown command.
Casting: Call Imp (safe; 3% risk of failure)
Confirm with . or Enter, or press ? or * to list all spells.
You blink.
You feel sick.
The water moccasin bites your white imp.
Your white imp is poisoned.
The water moccasin poisons your white imp!
Your white imp barely misses the water moccasin.
You feel sick.
The water moccasin bites your white imp.
Your white imp hits the water moccasin but does no damage.
The water moccasin completely misses your white imp.
Unknown command.
You feel sick.
The water moccasin barely misses your white imp.
Your white imp gestures at the water moccasin.
The puff of frost misses the water moccasin.
You feel stable enough to blink again.
You feel sick.
Your white imp gestures at the water moccasin.
The puff of frost misses the water moccasin.
You feel sick.
You are no longer poisoned.
Your white imp misses the water moccasin.
Your white imp gestures at the water moccasin.
The puff of frost hits the water moccasin!
Casting: Blink (safe; 3% risk of failure)
Confirm with . or Enter, or press ? or * to list all spells.
A beastly little devil appears in a puff of frigid air.
The water moccasin bites you but does no damage.
You swap places.
The water moccasin attacks as you move away!
The water moccasin bites you.
* * * LOW HITPOINT WARNING * * *
You are lethally poisoned!
The water moccasin poisons you!
You die...

...# #..# #.#.# #####
#<.# #.#.# #.[# #.#.#
#..# #.#.#
########..######.#.#
................#.#
..#####..#######.# #.#
#>.# #@# #..# #5# #..#
#S# ###..#######.#
######.###...5........#
...............#########
...#..........##
#.########## #. #


You could see a water moccasin (ally target) and a friendly white imp
(summoned).

Vanquished Creatures
  Jessica (D:3)
  Robin (D:3)
  4 adders
  2 dart slugs
  7 ball pythons
  7 endoplasms
  3 giant cockroaches
  13 goblins
  10 hobgoblins
  3 quokkas
  5 bats
  A frilled lizard (D:1)
  7 kobolds
  4 rats
68 creatures vanquished.

Vanquished Creatures (collateral kills)
  3 kobolds (D:3)
3 creatures vanquished.

Grand Total: 71 creatures vanquished

Notes
Turn   | Place    | Note
-------+----------+-------------------------------------------
     0 | D:1      | pokeman the Deep Elf Hedge Wizard began the quest for the
                  | Orb.
     0 | D:1      | Reached XP level 1. HP: 10/10 MP: 7/7
   448 | D:1      | Reached XP level 2. HP: 16/16 MP: 6/9
   945 | D:1      | Reached skill level 5 in Spellcasting
  1396 | D:2      | Reached XP level 3. HP: 16/20 MP: 7/11
  1400 | D:2      | Learned a level 3 spell: Mephitic Cloud
  1403 | D:2      | Learned a level 2 spell: Call Imp
  1406 | D:2      | Learned a level 2 spell: Blink
  1417 | D:2      | Learned a level 3 spell: Conjure Flame
  1693 | D:2      | Found Izxyoxt's Distillery.
  1814 | D:2      | Reached skill level 1 in Fighting
  1901 | D:2      | Found a faded altar of an unknown god.
  1908 | D:2      | Reached skill level 1 in Armour
  1931 | D:2      | Reached XP level 4. HP: 21/25 MP: 1/13
  2019 | D:2      | Noticed a great orb of eyes
  2022 | D:2      | Noticed a great orb of eyes
  2022 | D:2      | Noticed a golden eye
  2022 | D:2      | Noticed a great orb of eyes
  2339 | D:3      | Identified the ring of the Dozen Nightmares {rF+ Int+6}
  2462 | D:3      | Noticed Jessica
  2466 | D:3      | Killed Jessica
  2753 | D:3      | Noticed Robin
  2762 | D:3      | Killed Robin
  2763 | D:3      | Reached skill level 6 in Spellcasting
  2763 | D:3      | Reached XP level 5. HP: 29/29 MP: 4/15
  2927 | D:3      | Found a one-way gate to the infinite horrors of the Abyss.
  3037 | D:3      | Found a large runed translucent door.
  3037 | D:3      | Found a large runed translucent door.
  3102 | D:3      | Found a corrupted altar of Lugonu.
  3104 | D:3      | Found a shimmering altar of Xom.
  3407 | D:4      | Noticed a water moccasin
  3428 | D:4      | Succumbed to a water moccasin's poison

Illustrated notes

Levels and vault maps discovered:
D:1:      giann_wishing_wells, layout_loops_ring
D:2:      layout_rooms, hellmonk_ecumenical_altar_watching_god, serial_shops,
          nicolae_shop_trees
D:3:      due_chaos_kobolds, layout_rooms, mainiacjoe_overflow_alcove_1,
          kennysheep_boxes, uniq_robin, uniq_jessica
D:4:      layout_loops_ring, grunt_temple_overflow_holy_war,
          minmay_overflow_temple_star_quad, minmay_temple_entry_stoned_glass

Skill      XL: |  1  2  3  4 |
---------------+-------------+-----
Spellcasting   | 5 6 |  6.1
Fighting       | 1 |  1.5
Armour         | 1 |  1.5
Conjurations   | 2 |  2.5
Dodging        | |  2.4
Stealth        | |  2.4
Summonings     | |  1.1
Translocations | |  1.1

Action                   |  1- 3 |  4- 6 || total
-------------------------+-------+-------++-------
Melee: Dagger            |    16 |       ||    16
       Hand axe          |     5 |    24 ||    29
 Cast: Magic Dart        |    87 |    54 ||   141
       Mephitic Cloud    |       |     1 ||     1
       Call Imp          |       |     3 ||     3
       Blink             |       |     1 ||     1
 Stab: Confused          |       |     1 ||     1
       Distracted        |       |     1 ||     1
Armor: Robe              |     1 |       ||     1
       Leather armour    |     9 |     9 ||    18
Dodge: Dodged            |    28 |    14 ||    42

Table legend: (Time is in decaauts)
 A = Elapsed time spent in this place.
 B = Non-inter-level travel time spent in this place.
 C = Inter-level travel time spent in this place.
 D = Time resting spent in this place.
 E = Time spent auto-exploring this place.
 F = Levels seen in this place.
 G = Mean time per level.
                   A        B        C        D        E       F      G
               +--------+--------+--------+--------+--------+-----+--------+
         Total |   3434 |   3328 |    106 |      0 |   2847 |   4 |  858.5 |
       Dungeon |   3434 |   3328 |    106 |      0 |   2847 |   4 |  858.5 |
               +--------+--------+--------+--------+--------+-----+--------+

Top non-repeatable levels by time:
     D:1: 1339 daAuts
     D:3: 1012 daAuts
     D:2: 995 daAuts
     D:4: 87 daAuts
